AoeStats
← AOKI_GworK

Arabia

510327746Analyzed
1v1 RM · 16h ago on Sep 30, 2026· 33m 58s· 2 players
Game mode
Random Map
Map size
Tiny (2 player)
Population
200
Speed
Normal
Resources
Standard
Victory
Conquest
Starting age
Dark Age
Ending age
Imperial Age
RankedLock teamsTeams togetherTeam positionsShared explorationLock speedFull tech treeHidden civsTurbo modeCheats
Victory
Defeat
🇫🇷 Lithuanians · France
1817
+13
🇨🇳 Burgundians · China
1757
-13
SL-rooike
6:18 Loom
8:49 Feudal Age
7:31 Double-Bit Axe
17:42 Padded Archer Armor
18:23 Wheelbarrow
18:29 Fletching
19:57 Horse Collar
24:03 Castle Age
22:31 Gold Mining
22:52 Heavy Plow
23:22 Forging
23:45 Stone Mining
24:52 Husbandry
24:12 Light Cavalry
25:16 Cavalier
27:36 Scale Barding Armor
29:16 Scale Mail Armor
32:07 Gold Shaft Mining
AOKI_GworK
6:42 Loom
9:13 Feudal Age
9:44 Double-Bit Axe
9:36 Man-at-Arms
14:45 Fletching
16:58 Wheelbarrow
21:44 Castle Age
19:40 Gold Mining
19:37 Horse Collar
22:18 Scale Barding Armor
22:58 Bow Saw
22:49 Heavy Plow
27:32 Bloodlines
27:47 Husbandry
28:56 Forging
29:52 Chain Barding Armor
31:26 Iron Casting
32:59 Hand Cart
Connection lost

Rejoining the realm…

Still unreachable

The connection could not be restored.

Session expired

The server has moved on; the page needs a fresh start.